 Dungeon Crawl Stone Soup version 0.29.1-1-gd02db69 (webtiles) character file.

Game seed: 15642870253802778641

312 Timinator the Insei (level 5, 0/41 HPs)
             Began as a Demigod Transmuter on Dec 19, 2022.
             Slain by a gnoll
             ... wielding a +0 halberd
             ... led by a gnoll sergeant
              (7 damage)
             ... on level 5 of the Dungeon.
             The game lasted 00:13:57 (4631 turns).

Timinator the Insei (Demigod Transmuter)            Turns: 4631, Time: 00:13:57

Health: 0/41       AC:  5    Str: 11    XL:     5   Next: 97%
Magic:  9/11       EV: 12    Int: 21    God:
Gold:   180        SH:  0    Dex: 24    Spells: 5/8 levels left

rFire   . . .      SeeInvis .     - Unarmed
rCold   . . .      Faith    .   (no shield)
rNeg    . . .      Spirit   .   c - +0 ring mail
rPois   .          Reflect  .   (helmet currently unavailable)
rElec   .          Harm     .   (no cloak)
rCorr   .          Rampage  .   (no gloves)
Will    .....                   (boots currently unavailable)
Stlth   +.........              (no amulet)
HPRegen 0.13/turn               r - +6 ring of dexterity
MPRegen 0.12/turn               b - +6 ring of intelligence

@: appendages (expiring), wereblooded (expiring)
A: horns 2, talons 2, high MP 1, forlorn, divine attributes
a: End Transformation


You were on level 5 of the Dungeon.
You had temporarily grown beastly horns and talons.
You visited 1 branch of the dungeon, and saw 5 of its levels.

You collected 180 gold pieces.

Inventory:

Missiles
 a - 2 javelins
Armour
 c - a +0 ring mail (worn)
Jewellery
 b - a +6 ring of intelligence (right hand)
 e - a ring of protection from fire
 r - a +6 ring of dexterity (left hand)
 w - a ring of fire
Scrolls
 d - 3 scrolls of magic mapping {unknown}
 f - 4 scrolls of teleportation {unknown}
 g - a scroll of torment {unknown}
 h - a scroll of fear {unknown}
 j - 2 scrolls of enchant weapon {unknown}
 k - 2 scrolls of vulnerability {unknown}
 l - a scroll of acquirement {unknown}
 m - a scroll of amnesia {unknown}
 n - 2 scrolls of enchant armour {unknown}
 o - 5 scrolls of identify {unknown}
 q - a scroll of poison {unknown}
 u - a scroll of brand weapon {unknown}
 v - a scroll of noise {unknown}
Potions
 i - a potion of heal wounds {unknown}
 p - a potion of flight {unknown}
 s - a potion of haste {unknown}
 t - 2 potions of lignification


   Skills:
 * Level 2.1 Fighting
 - Level 2.0 Armour
 * Level 2.6 Dodging
 * Level 4.0 Unarmed Combat
 + Level 2.4 Spellcasting
 * Level 3.0 Transmutations


You had 5 spell levels left.
You knew the following spells:

 Your Spells              Type           Power      Damage    Failure   Level
a - Wereblood             Tmut           15%        N/A       14%         2
b - Beastly Appendage     Tmut           30%        N/A       10%         1

Your spell library contained the following spells:

 Spells                   Type           Power      Damage    Failure   Level
 Blink                    Tloc           4%         N/A       45%         2
 Spider Form              Tmut/Pois      9%         N/A       47%         3
 Ice Form                 Ice/Tmut       9%         N/A       87%         4
 Manifold Assault         Tloc           2%         N/A       100%        5
 Storm Form               Tmut/Air       4%         N/A       100%        7


Dungeon Overview and Level Annotations

Branches:
Dungeon (5/15)             Temple (0/1) D:4


Innate Abilities, Weirdness & Mutations

You have temporarily grown beastly horns and talons.
You have an increased reservoir of magic. (+10% MP)
You shall have no god before yourself.
Your divine heritage dramatically boosts your attributes as you level up.


Message History

Casting: Wereblood (safe; 14% risk of failure)
Confirm with . or Enter, or press ? or * to list all spells.
You grow a pair of large bovine horns.
Your feet morph into talons.
You climb downwards.
The gnoll misses you.
There is a stone staircase leading up here.
The gnoll barely misses you.
The gnoll sergeant hits you from afar with a +2 vorpal spear!
You climb upwards.
Your magical contamination has completely faded away.
There is a stone staircase leading down, spattered with blood here.
You barely miss the gnoll. You claw the gnoll.
The gnoll is lightly wounded.
The gnoll hits you but does no damage.
You hit the gnoll but do no damage. You claw the gnoll.
The gnoll is moderately wounded.
The gnoll barely misses you.
You hit the gnoll. You claw the gnoll.
The gnoll is severely wounded.
The gnoll hits you with a +0 whip.
You hit the gnoll.
You feel a bit better.
You kill the gnoll!
You see here a +0 whip.
There is a stone staircase leading down, spattered with blood here.
You climb downwards.
There is a stone staircase leading up, spattered with blood here.
Your transformation is almost over.
The gnoll sergeant hits you with a +2 vorpal spear.
You hit the gnoll sergeant but do no damage.
You headbutt the gnoll sergeant, but do no damage.
You hit the gnoll sergeant but do no damage.
Your kick misses the gnoll sergeant.
The gnoll sergeant hits you with a +2 vorpal spear!
Your primal bloodlust is almost over.
The gnoll hits you from afar with a +0 halberd!
* * * LOW HITPOINT WARNING * * *
The gnoll sergeant hits you from afar with a +2 vorpal spear.
* * * LOW HITPOINT WARNING * * *
x2
There is a stone staircase leading up, spattered with blood here.
The gnoll hits you from afar with a +0 halberd!
You die...

......#### ...... .
......## #
#......... .
#........# ##
#.##.#.. .##
#########....#g#. #.
#............... ..
#!!@.g.....#..# .##.
#....g.>...#..#...#.
#...................
###...........#.....
###......##.##....
#......##.......
#......###.##...
#......# #.#....
######.# #......


You could see a gnoll sergeant and a gnoll.

Vanquished Creatures
  An ogre (D:4)
  2 hounds (D:4)
  4 adders
  2 gnolls (D:4)
  3 worms
  3 dart slugs
  10 orcs
  15 bats
  4 endoplasms
  2 giant cockroaches (D:4)
  10 goblins
  A hobgoblin (D:1)
  3 jackals (D:1)
  13 kobolds
  3 quokkas
  6 ball pythons
  4 frilled lizards
  10 rats
96 creatures vanquished.

Notes
Turn   | Place    | Note
-------+----------+-------------------------------------------
     0 | D:1      | Timinator the Demigod Transmuter began the quest for the
                  | Orb.
     0 | D:1      | Reached XP level 1. HP: 15/15 MP: 5/5
   189 | D:1      | Reached skill level 1 in Fighting
   399 | D:1      | Reached XP level 2. HP: 23/23 MP: 5/7
   558 | D:1      | Reached skill level 3 in Unarmed Combat
  1175 | D:2      | Reached XP level 3. HP: 25/28 MP: 6/8
  1365 | D:2      | Reached skill level 1 in Armour
  1376 | D:2      | Learned a level 2 spell: Wereblood
  2661 | D:3      | Reached XP level 4. HP: 35/35 MP: 9/9
  3492 | D:4      | Found a staircase to the Ecumenical Temple.
  3643 | D:4      | Reached XP level 5. HP: 33/41 MP: 9/11
  4029 | D:4      | Noticed an ogre
  4043 | D:4      | Killed an ogre
  4429 | D:5      | Entered Level 5 of the Dungeon
  4531 | D:4      | Reached skill level 4 in Unarmed Combat
  4631 | D:5      | Slain by a gnoll

Illustrated notes

Levels and vault maps discovered:
D:1:      noname_arrival_rooms_in_the_neighbourhood, layout_basic
D:2:      layout_loops_ring, nicolae_ecumenical_lake_church, kennysheep_donut,
          supply_closet_lemuel
D:3:      layout_basic, minmay_pentangle
D:4:      layout_basic, minmay_temple_entry_large_hall
D:5:      layout_rooms, hangedman_decor_clover_reticule, grunt_ministairs_12,
          kennysheep_crisscross, lightli_minifort

Skill      XL: |  1  2  3  4  5 |
---------------+----------------+-----
Fighting       | 1 2 |  2.1
Transmutations | 2 3 |  3.0
Spellcasting   | 2 |  2.4
Dodging        | 2 |  2.6
Unarmed Combat | 3 4 |  4.0
Armour         | 1 2 |  2.0

Action                   |  1- 3 |  4- 6 || total
-------------------------+-------+-------++-------
Melee: Unarmed           |   129 |   127 ||   256
       Kick              |    16 |    27 ||    43
       Headbutt          |    19 |    15 ||    34
       Punch             |     5 |     2 ||     7
 Cast: Beastly Appendage |    22 |    19 ||    41
       Wereblood         |     1 |     8 ||     9
  Use: Potion            |     1 |       ||     1
 Stab: Sleeping          |     2 |       ||     2
Armor: Robe              |    14 |       ||    14
       Skin              |     2 |       ||     2
       Ring mail         |       |    31 ||    31
Dodge: Dodged            |    70 |    62 ||   132
